[Event "Titled Tuesday Blitz June 6 Early 2023"]
[White "Harutjunyan, Gevorg"]
[Black "Henriquez Villagra, Cristobal"]
[WhiteFideId "13300873"]
[BlackFideId "3409350"]
[WhiteElo "2474"]
[BlackElo "2542"]
[Result "0-1"]
[Round "4"]
[TimeControl "180+2"]
[Date "2023.06.06"]
[WhiteClock "0:00:02"]
[BlackClock "0:00:10"]
[Board "12"]

1. e4 d6 2. d4 Nf6 3. Nc3 e5 4. Nf3 Nbd7 5. h3 Be7 6. Bd3 O-O 7. O-O c6 8. Re1 Re8 9. Bf1 Bf8 10. b3 exd4 11. Nxd4 Nc5 12. f3 d5 13. e5 Nh5 14. f4 Ng3 15. Qf3 Qh4 16. Be3 Nce4 17. Nxe4 Nxe4 18. c4 f6 19. cxd5 cxd5 20. Nb5 fxe5 21. Nc7 exf4 22. Qxf4 Qxf4 23. Bxf4 Bd7 24. Rad1 Bc6 25. Nxd5 Rad8 26. Bc4 Kh8 27. Nc7 Rxd1 28. Rxd1 Bc5+ 29. Kh2 Rc8 30. Be6 Rf8 31. Be5 h6 32. Bc4 Ng5 33. h4 Nf7 34. Bc3 Bd6+ 35. Rxd6 Nxd6 36. Ne6 Rg8 37. Nf4 Nxc4 38. bxc4 Kh7 39. Ne6 Re8 40. Nd4 Re4 41. g3 g5 42. hxg5 hxg5 43. Kh3 Kg6 44. c5 Re3 45. Bb4 Rd3 46. Nb3 Bd5 47. Na5 g4+ 48. Kxg4 Rd4+ 0-1


[Site "https://www.chess.com"]

[Event "Titled Tuesday Blitz June 6 Early 2023"]
[White "Hambleton, Aman"]
[Black "Sjugirov, Sanan"]
[WhiteFideId "2606577"]
[BlackFideId "4189302"]
[WhiteElo "2511"]
[BlackElo "2569"]
[Result "1-0"]
[Round "4"]
[TimeControl "180+2"]
[Date "2023.06.06"]
[WhiteClock "0:00:03"]
[BlackClock "0:00:01"]
[Board "13"]

1. d4 Nf6 2. Bf4 d5 3. e3 c5 4. c3 Nc6 5. Nd2 Bf5 6. Qb3 Qc8 7. Ngf3 e6 8. Be2 c4 9. Qd1 h6 10. O-O Be7 11. Ne5 O-O 12. Re1 Bh7 13. Bf3 Nxe5 14. Bxe5 Nd7 15. Bg3 f5 16. b3 b5 17. bxc4 bxc4 18. Qa4 g5 19. h3 Nb6 20. Qa5 Qd7 21. Be5 Bd6 22. Bxd6 Qxd6 23. g3 Kh8 24. Bg2 f4 25. exf4 gxf4 26. g4 f3 27. Nxf3 Qf4 28. Re3 h5 29. gxh5 Rg8 30. Kf1 Be4 31. Bh1 Raf8 32. Qxa7 Nc8 33. Qd7 Bd3+ 34. Ke1 Qf5 35. Qc7 Qxh3 36. Qe5+ Kh7 37. Kd2 Rf5 38. Qc7+ Rg7 39. Qxc8 1-0


[Site "https://www.chess.com"]

[Event "Titled Tuesday Blitz June 6 Early 2023"]
[White "Bryakin, Mikhail"]
[Black "Bjerre, Jonas Buhl"]
[WhiteFideId "4165314"]
[BlackFideId "1444948"]
[WhiteElo "2464"]
[BlackElo "2525"]
[Result "1-0"]
[Round "4"]
[TimeControl "180+2"]
[Date "2023.06.06"]
[WhiteClock "0:00:09"]
[BlackClock "0:00:03"]
[Board "14"]

1. c4 Nf6 2. Nc3 c5 3. Nf3 Nc6 4. d4 cxd4 5. Nxd4 e6 6. e4 Bb4 7. Nxc6 bxc6 8. Bd3 e5 9. O-O O-O 10. h3 Bxc3 11. bxc3 d6 12. f4 Qe7 13. Qf3 a5 14. fxe5 dxe5 15. Bg5 Qc5+ 16. Be3 Qa3 17. Qg3 Nh5 18. Qxe5 Rd8 19. Qxh5 Be6 20. Be2 Qxc3 21. Qc5 a4 22. a3 Rab8 23. Rac1 Qb2 24. Bg4 Bxg4 25. hxg4 Re8 26. Qf5 f6 27. Bc5 h6 28. Qf2 Qe5 29. Rfe1 Qg5 30. Qf5 Qd2 31. Bb4 Qd3 32. Qf3 Qd4+ 33. Qe3 Qe5 34. Rcd1 Qb2 35. Rd2 Qb3 36. Rd3 Qxc4 37. Rc1 Qe6 38. Qf3 Qxe4 39. Qxe4 Rxe4 40. Rxc6 Rxg4 41. Rc7 Re8 42. Kf2 Ree4 43. Rcc3 Ref4+ 44. Rf3 Rd4 45. Rcd3 Rc4 46. Rc3 Rcd4 47. Rg3 Rgf4+ 48. Rcf3 Rfe4 49. Bc3 Rc4 50. Bxf6 Rc2+ 51. Kg1 g5 52. Bc3 Kh7 53. Bb4 Kg6 54. Re3 Rd4 55. Rd3 Re4 56. Rge3 Rg4 57. Rd2 Rc1+ 58. Kf2 Rf4+ 59. Rf3 Re4 60. Rd6+ Kh5 61. Rff6 Kg4 62. Rxh6 Rc2+ 63. Rd2 Rf4+ 64. Ke2 Rcc4 65. Rhd6 Rce4+ 66. Kd1 Rf1+ 67. Kc2 Kg3 68. R6d3+ Kh2 69. g3+ Kh3 70. Bd6 g4 71. Kc3 Rb1 72. Kc2 Ra1 73. Rc3 Ra2+ 74. Kd3 Rxd2+ 75. Kxd2 Rd4+ 76. Rd3 Rc4 77. Bb4 Re4 78. Bd6 Rc4 79. Bf4 Kg2 80. Rc3 Re4 81. Rc5 Kf3 82. Kc3 Ke2 83. Rc4 1-0


[Site "https://www.chess.com"]

[Event "Titled Tuesday Blitz June 6 Early 2023"]
[White "Gledura, Benjamin"]
[Black "Ibarra Jerez, Jose Carlos"]
[WhiteFideId "712779"]
[BlackFideId "2226332"]
[WhiteElo "2537"]
[BlackElo "2631"]
[Result "1-0"]
[Round "4"]
[TimeControl "180+2"]
[Date "2023.06.06"]
[WhiteClock "0:00:10"]
[BlackClock "0:00:03"]
[Board "15"]

1. d4 Nf6 2. c4 d6 3. Nf3 g6 4. Nc3 Bf5 5. Qb3 b6 6. g3 Bg7 7. Bg2 Nc6 8. Qa4 Bd7 9. Qd1 O-O 10. O-O Na5 11. b3 c5 12. Bb2 a6 13. e3 Rb8 14. Qe2 b5 15. cxb5 axb5 16. dxc5 b4 17. Na4 Bb5 18. Qc2 Bxf1 19. Rxf1 Qc7 20. Rc1 Rbc8 21. Qe2 Ne4 22. Bxg7 Kxg7 23. c6 Nc3 24. Nxc3 Qxc6 25. Nd2 Qb6 26. Nc4 Nxc4 27. Nd5 Nxe3 28. Rxc8 Nxd5 29. Rxf8 Kxf8 30. Bxd5 Qd4 31. Bf3 e6 32. Qc4 Qd2 33. Qe2 Qc3 34. Kg2 d5 35. Qe3 d4 36. Qxc3 bxc3 37. Be4 f5 38. Bd3 e5 39. f3 Ke7 40. g4 Ke6 41. gxf5+ gxf5 42. Kf2 h5 43. a4 h4 44. b4 Kd5 45. Bxf5 Kc4 46. Ke2 Kxb4 47. Bc2 Ka5 48. Kd3 Kb4 49. Ke4 Kc4 50. h3 Kc5 51. Kxe5 d3 52. Bxd3 1-0


[Site "https://www.chess.com"]

[Event "Titled Tuesday Blitz June 6 Early 2023"]
[White "Babazada, Khazar"]
[Black "benny_aizenberg"]
[WhiteFideId "13413554"]
[WhiteElo "2369"]
[BlackElo "2720"]
[Result "1-0"]
[Round "4"]
[TimeControl "180+2"]
[Date "2023.06.06"]
[WhiteClock "0:01:42"]
[BlackClock "0:00:19"]
[Board "16"]

1. e4 c5 2. Nf3 Nc6 3. Bb5 e6 4. Bxc6 bxc6 5. O-O d6 6. d3 e5 7. a3 Nf6 8. b4 cxb4 9. axb4 Be7 10. h3 O-O 11. Be3 a5 12. bxa5 Rxa5 13. Nbd2 Be6 14. Qc1 Qa8 15. Qb2 Nd7 16. Qc3 Rxa1 17. Rxa1 Qc8 18. Nc4 f6 19. Ra7 d5 20. Nb6 Nxb6 21. Bxb6 Bd6 22. Bc5 Qb8 23. Nd2 Rc8 24. Qa3 Bxc5 25. Qxc5 Rc7 26. Rxc7 Qxc7 27. exd5 Bxd5 28. Nc4 Kf7 29. Ne3 Be6 30. Nc4 Bd5 31. Na5 Qd7 32. c4 Be6 33. Nxc6 Qxd3 34. Qe7+ Kg6 35. Qxe6 Qd1+ 36. Kh2 Qd2 37. Nxe5+ Kh6 38. Ng4+ Kh5 39. Qf5+ Kh4 40. g3# 1-0


[Site "https://www.chess.com"]

[Event "Titled Tuesday Blitz June 6 Early 2023"]
[White "Melikyan, Gnel"]
[Black "Elsa167"]
[WhiteFideId "54109990"]
[WhiteElo "2138"]
[BlackElo "2918"]
[Result "1/2-1/2"]
[Round "4"]
[TimeControl "180+2"]
[Date "2023.06.06"]
[WhiteClock "0:00:07"]
[BlackClock "0:00:07"]
[Board "17"]

1. e4 e6 2. d4 d5 3. e5 c5 4. c3 Nc6 5. Nf3 Qb6 6. a3 c4 7. Be2 Bd7 8. O-O Na5 9. Nbd2 Ne7 10. Re1 Nc8 11. g3 Qc7 12. Bf1 h6 13. h4 Nb6 14. Rb1 Ba4 15. Qe2 Bc2 16. Ra1 Bh7 17. b4 cxb3 18. Qb5+ Nd7 19. Nxb3 Nc4 20. Bxc4 Qxc4 21. Qxc4 dxc4 22. Na5 Nb6 23. Nxb7 Nd5 24. Bd2 Kd7 25. Na5 Rc8 26. Ra2 Be7 27. Rb2 Rc7 28. a4 Nb6 29. Ra1 Be4 30. Nh2 Rcc8 31. Nf1 Rb8 32. Ne3 Bd3 33. Rb5 Rhc8 34. Ra2 a6 35. Rbb2 Bd8 36. f3 g5 37. Kf2 gxh4 38. Ng4 hxg3+ 39. Kxg3 Nd5 40. Nb7 h5 41. Nh6 h4+ 42. Kh3 Be7 43. Nxf7 Bf1+ 44. Kh2 h3 45. Nfd6 Bxd6 46. exd6 Rg8 47. Be1 Rg2+ 48. Kh1 Rxb7 49. Rxb7+ Kxd6 50. Rxg2 Bxg2+ 51. Kh2 Bxf3 52. Bg3+ Kc6 53. Rh7 Nxc3 54. Rc7+ Kd5 55. Be5 Nxa4 56. Ra7 c3 57. Rxa6 c2 58. Bf4 Nc3 59. Ra5+ Kxd4 60. Ra6 Ne2 61. Bd2 Bd5 62. Kxh3 c1=Q 63. Bxc1 Nxc1 64. Kg4 Nd3 65. Ra5 e5 66. Ra4+ Ke3 67. Kf5 e4 68. Ra5 Kd4 69. Ra4+ Bc4 70. Rxc4+ Kxc4 71. Kxe4 1/2-1/2


[Site "https://www.chess.com"]

[Event "Titled Tuesday Blitz June 6 Early 2023"]
[White "Aravindh, Chithambaram VR."]
[Black "Manukyan, Sargis V."]
[WhiteFideId "5072786"]
[BlackFideId "13303465"]
[WhiteElo "2596"]
[BlackElo "2236"]
[Result "1-0"]
[Round "4"]
[TimeControl "180+2"]
[Date "2023.06.06"]
[WhiteClock "0:00:54"]
[BlackClock "0:00:15"]
[Board "18"]

1. b3 a5 2. Bb2 a4 3. b4 d5 4. Nf3 Nf6 5. e3 e6 6. a3 c5 7. b5 Nbd7 8. c4 Nb6 9. d3 dxc4 10. dxc4 Qxd1+ 11. Kxd1 Bd6 12. Bd3 O-O 13. Ke2 Re8 14. Rd1 e5 15. e4 Nh5 16. g3 f5 17. Nc3 Nf6 18. Bb1 Nxc4 19. Ba2 Be6 20. exf5 Bf7 21. Ng5 Be7 22. Nxf7 Nxb2 23. Rd2 c4 24. Ng5 Bxa3 25. Nb1 h5 26. Nxa3 1-0


[Site "https://www.chess.com"]

[Event "Titled Tuesday Blitz June 6 Early 2023"]
[White "Nikologorsky, Matfei"]
[Black "Samadov, Read"]
[WhiteFideId "24102474"]
[BlackFideId "13417444"]
[WhiteElo "2153"]
[BlackElo "2355"]
[Result "0-1"]
[Round "4"]
[TimeControl "180+2"]
[Date "2023.06.06"]
[WhiteClock "0:00:41"]
[BlackClock "0:01:30"]
[Board "19"]

1. e4 c5 2. Nf3 d6 3. d4 cxd4 4. Nxd4 Nf6 5. Nc3 a6 6. h3 e5 7. Nde2 b5 8. g4 b4 9. Nd5 Nxd5 10. Qxd5 Ra7 11. Ng3 Be6 12. Qd3 g6 13. Bg2 Be7 14. f4 exf4 15. Bxf4 Nc6 16. O-O O-O 17. Bh6 Re8 18. Qd2 a5 19. a3 bxa3 20. Rxa3 Qb6+ 21. Be3 Qxb2 22. Rfa1 Rc7 23. Ne2 Ne5 24. Qxa5 Rxc2 25. R3a2 Bxa2 0-1


[Site "https://www.chess.com"]

[Event "Titled Tuesday Blitz June 6 Early 2023"]
[White "Svane, Rasmus"]
[Black "Darini, Pouria"]
[WhiteFideId "4657101"]
[BlackFideId "12502200"]
[WhiteElo "2601"]
[BlackElo "2482"]
[Result "1-0"]
[Round "4"]
[TimeControl "180+2"]
[Date "2023.06.06"]
[WhiteClock "0:01:28"]
[BlackClock "0:00:03"]
[Board "20"]

1. Nf3 d5 2. g3 Nd7 3. d4 Nb6 4. Nc3 Nf6 5. Bg2 Bf5 6. Nh4 Bg6 7. a4 a5 8. Nxg6 hxg6 9. e4 dxe4 10. Nxe4 Nxe4 11. Bxe4 c6 12. c3 e6 13. h4 Be7 14. h5 g5 15. Qb3 Qc7 16. Kf1 Nd5 17. Kg2 O-O-O 18. Bd2 Bf6 19. Rad1 e5 20. c4 Nb4 21. d5 c5 22. Bxb4 Qb6 23. Qf3 Qxb4 24. d6 Kb8 25. h6 g4 26. Qxg4 Rxh6 27. Rxh6 gxh6 28. Qf3 Qxc4 29. Bd5 Qc2 30. Qxf6 Qxd1 31. Qxd8+ Ka7 32. Qxa5+ 1-0


[Site "https://www.chess.com"]

[Event "Titled Tuesday Blitz June 6 Early 2023"]
[White "Itgelt, Khuyagtsogt"]
[Black "Deac, Bogdan-Daniel"]
[WhiteFideId "4902912"]
[BlackFideId "1226380"]
[WhiteElo "2227"]
[BlackElo "2644"]
[Result "0-1"]
[Round "4"]
[TimeControl "180+2"]
[Date "2023.06.06"]
[WhiteClock "0:00:03"]
[BlackClock "0:00:06"]
[Board "21"]

1. d4 b5 2. Nf3 Bb7 3. Bg5 h6 4. Bh4 g6 5. Nbd2 Bg7 6. e4 a6 7. h3 d6 8. Bd3 c5 9. c3 cxd4 10. cxd4 Nc6 11. d5 Ne5 12. Nxe5 Bxe5 13. Rb1 Qa5 14. a3 Bg7 15. O-O Nf6 16. f3 Nh5 17. Nb3 Qd8 18. Qd2 g5 19. Bf2 Nf4 20. Rfc1 O-O 21. Bf1 Bc8 22. Na5 e6 23. g3 Ng6 24. Nc6 Qe8 25. Bg2 Bd7 26. Rc2 Rc8 27. Rbc1 exd5 28. Qxd5 Be6 29. Qxd6 Bb3 30. Rc5 Kh7 31. Bd4 Qe6 32. Qxe6 Bxe6 33. Bxg7 Kxg7 34. Nd4 Rxc5 35. Rxc5 Rd8 36. Nxe6+ fxe6 37. Rc2 Rd3 38. Kf2 Kf6 39. Bf1 Rd1 40. Be2 Rh1 41. Rc6 Rh2+ 42. Ke3 Rxh3 43. Rxa6 Rxg3 44. Bxb5 g4 45. Be2 gxf3 46. Bc4 Kg5 47. Rxe6 h5 48. a4 h4 49. Bf1 h3 50. Bxh3 Rxh3 51. a5 Nf4 52. Re5+ Kg4 53. Re8 f2+ 54. Kxf2 Rh2+ 55. Ke1 Rxb2 56. a6 Ra2 57. Kd1 Kf3 58. Kc1 Nd3+ 59. Kb1 Rxa6 60. Kc2 Ke3 61. Kc3 Rc6+ 62. Kb3 Kd2 63. e5 Rc3+ 64. Ka4 Kc2 65. Kb5 Rc5+ 66. Kb6 Rc4 67. e6 Kd2 68. e7 Re4 69. Kc6 Nf4 70. Kd6 Ng6 71. Kd7 Ke3 72. Kd6 Kd4 73. Rg8 Nxe7 74. Rg1 Nf5+ 75. Kd7 Re7+ 76. Kc6 Rf7 77. Rd1+ Ke4 78. Rd7 Nd4+ 79. Kc7 Rf6 80. Re7+ Kd5 81. Re1 Nb5+ 82. Kd7 Rf7+ 83. Ke8 Nd6+ 84. Kd8 Rh7 85. Rd1+ Ke5 86. Re1+ Ne4 87. Kc8 Kd5 88. Rd1+ Kc6 89. Kd8 Nc5 90. Ke8 Ra7 91. Kf8 Ne4 92. Ke8 Nd6+ 93. Kf8 Rf7+ 94. Kg8 Rf4 95. Rd2 Kd7 96. Kg7 Ke6 97. Re2+ Ne4 98. Kg6 Rg4+ 99. Kh5 Kf5 100. Re1 Nf6+ 101. Kh6 Rg6# 0-1


[Site "https://www.chess.com"]

[Event "Titled Tuesday Blitz June 6 Early 2023"]
[White "Lenderman, Aleksandr"]
[Black "Prestia, Paris"]
[WhiteFideId "2021285"]
[BlackFideId "30925959"]
[WhiteElo "2607"]
[BlackElo "2683"]
[Result "1-0"]
[Round "4"]
[TimeControl "180+2"]
[Date "2023.06.06"]
[WhiteClock "0:00:23"]
[BlackClock "0:00:17"]
[Board "22"]

1. Nf3 Nf6 2. c4 c5 3. Nc3 Nc6 4. g3 g6 5. Bg2 Bg7 6. O-O O-O 7. d4 cxd4 8. Nxd4 Nxd4 9. Qxd4 d6 10. Qd3 a6 11. Be3 Qc7 12. Rac1 Be6 13. b3 Rac8 14. Rfd1 Bf5 15. Qd2 Rfd8 16. Bd4 Be6 17. Qe3 Ng4 18. Qe4 Bxd4 19. Qxd4 Nf6 20. h4 Qa5 21. Bxb7 Rc7 22. Bg2 Rdc8 23. e4 h5 24. Rc2 Qb4 25. Nd5 Bxd5 26. exd5 a5 27. Qc3 Ng4 28. Qxb4 axb4 29. Bh3 Ra8 30. Bxg4 hxg4 31. Rd4 Rca7 32. Rxg4 Rxa2 33. Rxa2 Rxa2 34. h5 Rb2 35. hxg6 Rxb3 36. Re4 Rc3 37. Rxe7 fxg6 38. Kg2 Rxc4 39. Re6 Kf7 40. Rxd6 b3 41. Rb6 Rd4 42. Rxb3 Rxd5 43. Kh3 Kf6 44. Rb6+ Kg5 45. f4+ Kh6 46. Kh4 Kg7 47. Re6 Rh5+ 48. Kg4 Ra5 49. Re5 Ra3 50. Kh4 Rb3 51. Ra5 Kh6 52. Ra7 Rb1 53. Ra6 Rh1+ 54. Kg4 Rf1 55. Rf6 Kg7 56. Kg5 Rf3 57. Rxg6+ Kf7 58. Rf6+ Kg7 59. g4 Ra3 60. f5 Ra4 61. Rb6 Rc4 62. Rb7+ Kf8 63. Kh5 Rc6 64. g5 Rc1 65. Kg6 Rc6+ 66. f6 1-0


[Site "https://www.chess.com"]

[Event "Titled Tuesday Blitz June 6 Early 2023"]
[White "Terry, Renato"]
[Black "Khumalo, Keith"]
[WhiteFideId "3803457"]
[BlackFideId "14319470"]
[WhiteElo "2575"]
[BlackElo "2056"]
[Result "1-0"]
[Round "4"]
[TimeControl "180+2"]
[Date "2023.06.06"]
[WhiteClock "0:01:37"]
[BlackClock "0:01:30"]
[Board "23"]

1. e4 c5 2. Nf3 e6 3. Nc3 a6 4. g3 b5 5. Bg2 Bb7 6. d3 d6 7. O-O Nf6 8. Ng5 h6 9. Nh3 Qc7 10. f4 Be7 11. f5 e5 12. Nf2 Nc6 13. Nd5 Nxd5 14. exd5 Nd4 15. g4 b4 16. c3 Nb5 17. cxb4 cxb4 18. Be3 Bg5 19. Rc1 Qd8 20. Qd2 Bxe3 21. Qxe3 Nd4 22. Rc4 O-O 23. Rfc1 Qa5 24. f6 Bxd5 25. fxg7 Kxg7 26. Rxd4 Bxg2 27. Rxd6 Bb7 28. Qxh6+ Kg8 29. Qg5+ 1-0


[Site "https://www.chess.com"]

[Event "Titled Tuesday Blitz June 6 Early 2023"]
[White "Gorovets, Andrey"]
[Black "Kashlinskaya, Alina"]
[WhiteFideId "13504037"]
[BlackFideId "4198026"]
[WhiteElo "2459"]
[BlackElo "2383"]
[Result "1/2-1/2"]
[Round "4"]
[TimeControl "180+2"]
[Date "2023.06.06"]
[WhiteClock "0:01:08"]
[BlackClock "0:00:20"]
[Board "24"]

1. Nf3 Nf6 2. g3 g6 3. Bg2 Bg7 4. c4 O-O 5. O-O c5 6. d4 cxd4 7. Nxd4 d5 8. cxd5 Nxd5 9. Nb5 Be6 10. N1c3 Nxc3 11. Nxc3 Nc6 12. Qa4 Qb6 13. Qa3 Rfd8 14. Be3 Qb4 15. Qxb4 Nxb4 16. Rfc1 Nc6 17. Rc2 Bf5 18. Ne4 Nb4 19. Rc7 Nd5 20. Rxb7 Nxe3 21. fxe3 Rab8 22. Rxa7 Rxb2 23. Re1 Bxe4 24. Bxe4 Bc3 25. Rf1 Rxe2 26. Rxe7 Rxe3 27. Rfxf7 Rxe4 28. Rxh7 Rxe7 29. Rxe7 Rd1+ 30. Kf2 Rd2+ 31. Re2 Bd4+ 32. Ke1 Rxe2+ 33. Kxe2 Kf7 34. Kf3 Kf6 35. Kg4 Bg1 36. h4 Bf2 37. a4 Be1 38. Kf4 Ke6 1/2-1/2


[Site "https://www.chess.com"]

[Event "Titled Tuesday Blitz June 6 Early 2023"]
[White "Goltsev, Dmitry"]
[Black "Molina, Roberto Junio Brito"]
[WhiteFideId "24176710"]
[BlackFideId "2109450"]
[WhiteElo "2356"]
[BlackElo "2376"]
[Result "1/2-1/2"]
[Round "4"]
[TimeControl "180+2"]
[Date "2023.06.06"]
[WhiteClock "0:00:13"]
[BlackClock "0:00:16"]
[Board "25"]

1. e4 c6 2. d4 d5 3. Nc3 dxe4 4. Nxe4 Nd7 5. Nf3 Ngf6 6. Bd3 Nxe4 7. Bxe4 Nf6 8. Bd3 Bg4 9. c3 Qd5 10. Be2 e6 11. h3 Bh5 12. O-O Bd6 13. Qb3 Qxb3 14. axb3 a6 15. b4 O-O 16. Bg5 Nd5 17. Rfe1 Rfe8 18. Bd2 Bf4 19. Rad1 Bxd2 20. Nxd2 Bxe2 21. Rxe2 a5 22. bxa5 Rxa5 23. Nc4 Ra2 24. Nd6 Rd8 25. Ne4 f5 26. Ng3 Kf7 27. Rde1 Nf4 28. Rd2 c5 29. Red1 cxd4 30. Rxd4 Rxd4 31. Rxd4 Nd5 32. Nxf5 Rxb2 33. Nd6+ Ke7 34. Ne4 Rb6 35. g3 Rc6 36. c4 Nf6 37. Nd2 Rd6 38. Rxd6 Kxd6 39. Kf1 Kc5 40. Ke2 Kd4 41. Nb3+ Kxc4 42. Na5+ Kd5 43. Nxb7 Ne4 44. Na5 Nc5 45. Ke3 e5 46. f3 g5 47. f4 gxf4+ 48. gxf4 e4 49. f5 Ke5 50. f6 Kxf6 51. Kd4 Kg5 52. Nc4 Kh4 53. Kxc5 Kxh3 54. Kd4 Kg2 55. Kxe4 h5 56. Ne3+ Kg3 57. Nf5+ Kg4 58. Ne3+ Kg3 59. Nf5+ Kg4 60. Ne3+ Kg3 1/2-1/2


[Site "https://www.chess.com"]

[Event "Titled Tuesday Blitz June 6 Early 2023"]
[White "Chen, Justin"]
[Black "Petrosyan, Manuel"]
[WhiteFideId "2098199"]
[BlackFideId "13300857"]
[WhiteElo "2289"]
[BlackElo "2576"]
[Result "0-1"]
[Round "4"]
[TimeControl "180+2"]
[Date "2023.06.06"]
[WhiteClock "0:00:01"]
[BlackClock "0:00:26"]
[Board "26"]

1. c4 e5 2. d3 Nf6 3. Nf3 Nc6 4. a3 g6 5. b4 Bg7 6. Bb2 d6 7. Nbd2 O-O 8. e3 Re8 9. Be2 a5 10. Qb3 axb4 11. axb4 Rxa1+ 12. Bxa1 e4 13. dxe4 Nxe4 14. Bxg7 Kxg7 15. O-O Qf6 16. Rc1 Nxd2 17. Nxd2 Nd4 18. Qd3 Bf5 19. e4 Nxe2+ 20. Qxe2 Qb2 21. Rb1 Qd4 22. Re1 c6 23. Qe3 Qb2 24. Rb1 Qf6 25. Qd3 Be6 26. f3 Qe5 27. Rc1 Ra8 28. Qc3 Ra2 29. Qxe5+ dxe5 30. Nb3 b6 31. Rc3 Ra3 32. Kf2 b5 33. Ke3 bxc4 0-1


[Site "https://www.chess.com"]

[Event "Titled Tuesday Blitz June 6 Early 2023"]
[White "Arencibia Monduy, Antonio"]
[Black "Csonka, Balazs"]
[WhiteFideId "3507939"]
[BlackFideId "742910"]
[WhiteElo "2494"]
[BlackElo "2404"]
[Result "0-1"]
[Round "4"]
[TimeControl "180+2"]
[Date "2023.06.06"]
[WhiteClock "0:00:05"]
[BlackClock "0:00:13"]
[Board "27"]

1. e4 c5 2. Nf3 Nc6 3. c3 Nf6 4. e5 Nd5 5. d4 cxd4 6. cxd4 d6 7. exd6 e6 8. Nc3 Qxd6 9. Bd3 Be7 10. O-O O-O 11. Re1 Rd8 12. Ne4 Qc7 13. a3 b6 14. Qc2 Bb7 15. Be3 Rac8 16. Rac1 Qd7 17. Qe2 Nxe3 18. fxe3 h6 19. Bb5 Qd5 20. Nc3 Qh5 21. Rf1 Na5 22. Rcd1 Bd6 23. h3 Bxa3 24. e4 Bb4 25. Rc1 Nb3 26. Rcd1 Bxc3 27. bxc3 Rxc3 28. d5 exd5 29. exd5 Bxd5 30. Qe7 Rf8 0-1


[Site "https://www.chess.com"]

[Event "Titled Tuesday Blitz June 6 Early 2023"]
[White "caropawn10"]
[Black "Koutlas, Nikolaos"]
[BlackFideId "25827138"]
[WhiteElo "2733"]
[BlackElo "2215"]
[Result "0-1"]
[Round "4"]
[TimeControl "180+2"]
[Date "2023.06.06"]
[WhiteClock "0:00:49"]
[BlackClock "0:00:54"]
[Board "28"]

1. c4 Nf6 2. d4 e6 3. Nc3 Bb4 4. e3 O-O 5. Bd2 c5 6. Nge2 cxd4 7. exd4 d5 8. c5 Nc6 9. g3 e5 10. a3 Ba5 11. b4 exd4 12. Nb5 d3 13. Ned4 Re8+ 14. Be3 Nxb4 15. Bxd3 Nxd3+ 16. Kf1 Bh3+ 17. Kg1 Nxc5 18. Rc1 Nce4 19. f3 Nd6 20. Kf2 Nxb5 21. Nxb5 Rxe3 22. Kxe3 Qe8+ 23. Kf2 Qxb5 24. g4 h5 25. g5 h4 26. gxf6 Bb6+ 27. Ke1 Re8+ 28. Kd2 Qb2+ 29. Rc2 Be3+ 30. Kd3 Qd4+ 31. Ke2 Bf4# 0-1


[Site "https://www.chess.com"]

[Event "Titled Tuesday Blitz June 6 Early 2023"]
[White "Zaitsev, Alexander"]
[Black "Petrosian, Karlen"]
[WhiteFideId "4164490"]
[BlackFideId "4176146"]
[WhiteElo "2373"]
[BlackElo "2345"]
[Result "0-1"]
[Round "4"]
[TimeControl "180+2"]
[Date "2023.06.06"]
[WhiteClock "0:00:24"]
[BlackClock "0:02:06"]
[Board "29"]

1. e4 e6 2. d4 d5 3. Nc3 Nf6 4. e5 Nfd7 5. Nf3 c5 6. dxc5 Nc6 7. Bf4 Nxc5 8. h4 Qb6 9. Rb1 Ne4 10. Nxe4 dxe4 11. Ng5 Bc5 12. Nxe4 Qb4+ 13. Qd2 Qxe4+ 14. Be2 Qxg2 15. Rf1 O-O 16. c3 Qe4 17. Rd1 Nxe5 18. f3 Qf5 0-1


[Site "https://www.chess.com"]

[Event "Titled Tuesday Blitz June 6 Early 2023"]
[White "Bashirli, Saadat"]
[Black "Abdilkhair, Abilmansur"]
[WhiteFideId "13429990"]
[BlackFideId "13716417"]
[WhiteElo "1408"]
[BlackElo "2210"]
[Result "0-1"]
[Round "4"]
[TimeControl "180+2"]
[Date "2023.06.06"]
[WhiteClock "0:00:03"]
[BlackClock "0:00:11"]
[Board "30"]

1. d4 d5 2. e3 Nf6 3. f4 Bf5 4. Bd3 Bxd3 5. cxd3 e6 6. Nf3 c5 7. dxc5 Bxc5 8. d4 Bd6 9. Nc3 Nbd7 10. O-O a6 11. a4 Nb6 12. b3 Rc8 13. Bb2 Bb4 14. Rc1 O-O 15. Ne5 Qd6 16. Nd3 Ba3 17. Bxa3 Qxa3 18. Nc5 Nfd7 19. Nxb7 Na8 20. h3 Rc7 21. Nc5 Nxc5 22. dxc5 Qxc5 23. Qd2 Qb4 24. Nb1 Qxb3 25. Rxc7 Nxc7 26. Rc1 Rb8 27. Rxc7 Qxb1+ 28. Kh2 h5 29. Qe2 Qg6 30. Qxa6 Rb2 31. Qf1 h4 32. Qf3 Ra2 33. Ra7 Ra3 34. a5 Kh7 35. a6 d4 36. Qb7 Qg3+ 37. Kh1 Ra1+ 0-1


[Site "https://www.chess.com"]

[Event "Titled Tuesday Blitz June 6 Early 2023"]
[White "Nepomniachtchi, Ian"]
[Black "Novikov, Evgenij"]
[WhiteFideId "4168119"]
[BlackFideId "4125380"]
[WhiteElo "2781"]
[BlackElo "2242"]
[Result "1-0"]
[Round "4"]
[TimeControl "180+2"]
[Date "2023.06.06"]
[WhiteClock "0:00:50"]
[BlackClock "0:00:01"]
[Board "31"]

1. e4 c6 2. d4 d5 3. Nc3 dxe4 4. Nxe4 Nf6 5. Nxf6+ exf6 6. Be3 Bd6 7. Bc4 O-O 8. Ne2 Nd7 9. O-O Re8 10. Qd2 Nf8 11. Bf4 Be6 12. Bb3 Ng6 13. Bg3 Qc7 14. Rfe1 a5 15. Bxe6 fxe6 16. c4 Rad8 17. Nc3 Bxg3 18. hxg3 e5 19. d5 Ne7 20. Rad1 cxd5 21. cxd5 Nf5 22. Nb5 Qb6 23. a4 Nd6 24. Qd3 Nxb5 25. axb5 Rd6 26. g4 Red8 27. g5 Rxd5 28. Qxd5+ Rxd5 29. Rxd5 Kf7 30. gxf6 gxf6 31. Red1 Ke6 32. R1d3 h5 33. g3 Qc7 34. Rd1 b6 35. b3 Qc2 36. Rd6+ Kf5 37. Re1 Qxb3 38. Rxb6 a4 39. Re3 Qd1+ 40. Kh2 Kg5 41. Rb8 Qf1 42. Rg8+ Kf5 43. Rf3+ Ke4 44. Rxf6 Qxb5 45. Ra8 Qb3 46. Rfa6 Kf5 47. Rxa4 Qb2 48. Rf8+ Ke6 49. Rh4 Qe2 50. Kg2 Kd5 51. Rf3 Qd1 52. Rxh5 Kd4 53. Rh8 Ke4 54. Rhf8 Qe2 55. Re3+ 1-0


[Site "https://www.chess.com"]

[Event "Titled Tuesday Blitz June 6 Early 2023"]
[White "Skliarov, Viktor"]
[Black "Dubov, Daniil"]
[WhiteFideId "14106736"]
[BlackFideId "24126055"]
[WhiteElo "2317"]
[BlackElo "2793"]
[Result "0-1"]
[Round "4"]
[TimeControl "180+2"]
[Date "2023.06.06"]
[WhiteClock "0:00:07"]
[BlackClock "0:00:15"]
[Board "32"]

1. e4 e5 2. Nc3 Nf6 3. Bc4 Nc6 4. d3 Bb4 5. Bg5 h6 6. Bxf6 Bxc3+ 7. bxc3 Qxf6 8. Ne2 Na5 9. Bd5 c6 10. Bb3 O-O 11. O-O d5 12. exd5 Nxb3 13. axb3 cxd5 14. c4 d4 15. f4 Bg4 16. h3 Bxe2 17. Qxe2 exf4 18. Qe4 g5 19. Qxb7 a5 20. Rae1 Rae8 21. Re4 Rb8 22. Qd5 a4 23. bxa4 Rfd8 24. Qe5 Qxe5 25. Rxe5 Rb2 26. Rf2 Ra2 27. a5 Rb8 28. Rd5 Rb1+ 29. Rf1 Rbb2 30. Rf2 Kg7 31. Rxd4 Rxa5 32. Rd7 Ra1+ 33. Rf1 Rxf1+ 34. Kxf1 Rxc2 35. Rd5 Kg6 36. c5 Kh5 37. d4 Kh4 38. Rd6 h5 39. c6 Kg3 40. d5 Rc1+ 41. Ke2 Kxg2 42. Rf6 Rc5 43. Rf5 f6 44. Kd3 f3 45. Kd4 Rc1 46. Rxf6 f2 47. Ke5 g4 48. hxg4 hxg4 49. Kd6 g3 50. Kd7 f1=Q 51. Rxf1 Kxf1 52. c7 g2 53. c8=Q Rxc8 54. Kxc8 g1=Q 55. d6 Qc5+ 0-1


[Site "https://www.chess.com"]

[Event "Titled Tuesday Blitz June 6 Early 2023"]
[White "Kramnik, Vladimir"]
[Black "Wadsworth, Matthew J"]
[WhiteFideId "4101588"]
[BlackFideId "415804"]
[WhiteElo "2703"]
[BlackElo "2347"]
[Result "1-0"]
[Round "4"]
[TimeControl "180+2"]
[Date "2023.06.06"]
[WhiteClock "0:00:58"]
[BlackClock "0:00:05"]
[Board "33"]

1. c4 e5 2. d3 Nf6 3. Nf3 Nc6 4. a3 a5 5. e3 d6 6. Nc3 g6 7. Be2 Bg7 8. O-O O-O 9. Rb1 Re8 10. b4 axb4 11. axb4 e4 12. dxe4 Nxe4 13. Nxe4 Rxe4 14. Bb2 Bxb2 15. Rxb2 Qf6 16. Qd2 Be6 17. Rc1 Ne5 18. Nd4 c5 19. bxc5 dxc5 20. Nxe6 Qxe6 21. Qd5 Nxc4 22. Qxe6 fxe6 23. Rxb7 Ra2 24. Bd3 Nd6 25. Bxe4 Nxe4 26. f3 Nd6 27. Rb6 Nf5 28. Rxe6 Nh4 29. Re4 Nxg2 30. Rf1 g5 31. Rf2 Rxf2 32. Kxf2 Nh4 33. Re5 h6 34. Rxc5 Kf7 35. Kg3 Nf5+ 1-0


[Site "https://www.chess.com"]